 Dungeon Crawl Stone Soup version 0.22-a0-240-g539252a (webtiles) character file.

102 mortelune the Firebug (level 4, -2/30 HPs)
             Began as a Demonspawn Fire Elementalist on Feb 21, 2018.
             Killed by divine providence
             ... invoked by an orc priest
              (12 damage)
             ... on level 2 of the Dungeon.
             The game lasted 00:08:09 (3698 turns).

mortelune the Firebug (DsFE)                        Turns: 3698, Time: 00:08:10

Health: -2/30      AC:  2    Str:  8    XL:     4   Next: 50%
Magic:  0/8        EV: 12    Int: 21    God:
Gold:   94         SH:  0    Dex: 14    Spells: 0/8 levels left

rFire    . . .     SeeInvis .   e - +0 short sword
rCold    . . .     Gourm    .   (no shield)
rNeg     . . .     Faith    .   a - +0 robe
rPois    .         Spirit   .   (no helmet)
rElec    .         Reflect  .   (no cloak)
rCorr    .         Harm     .   (no gloves)
MR       .....                  (no boots)
Stlth    ++........             (no amulet)
HPRegen  0.10/turn              j - +4 ring of intelligence
MPRegen  0.11/turn              (no ring)

@: no status effects
A: hooves 1
a: no special abilities


You were on level 2 of the Dungeon.
You were not hungry.

You visited 1 branch of the dungeon, and saw 3 of its levels.

You collected 94 gold pieces.

Inventory:

Hand Weapons
 d - a +0 club
 e - a +0 short sword (weapon)
 p - a +2 short sword of draining
Armour
 a - a +0 robe (worn)
Jewellery
 j - a +4 ring of intelligence (left hand)
 l - an uncursed ring of stealth
 m - an uncursed ring of magical power
Scrolls
 g - 3 scrolls of teleportation
 o - a scroll of amnesia
 q - a scroll of noise
 r - a scroll of blinking {unknown}
Potions
 f - 3 potions of lignification
 h - a potion of curing
 i - 2 potions of agility
 k - a potion of brilliance
 n - a potion of invisibility
 s - a potion of might {unknown}
Comestibles
 b - 3 rations


   Skills:
 - Level 1.7 Dodging
 - Level 1.7 Stealth
 + Level 2.7 Spellcasting
 * Level 3.2 Conjurations
 + Level 3.3 Fire Magic


You couldn't memorise any spells.
You knew the following spells:

 Your Spells              Type           Power        Failure   Level  Hunger
a - Flame Tongue          Conj/Fire      ###..        3%          1    None
b - Throw Flame           Conj/Fire      ###...       5%          2    ##.....
c - Conjure Flame         Conj/Fire      ###.....     11%         3    ###....
q - Blink                 Tloc           N/A          21%         2    ##.....


Dungeon Overview and Level Annotations

Branches:
Dungeon (3/15)

Altars:
Nemelex Xobeh


Innate Abilities, Weirdness & Mutations

You have large cloven feet.


Message History

Aiming: Flame Tongue (safe; 3% risk of failure)
Press: ? - help, Shift-Dir - straight line, f/p - orc priest
Aim: an orc priest, wielding a flail and wearing a ring mail (almost dead)
The flame tongue hits the orc priest.
The orc priest is almost dead.
The orc priest completely misses you.
Casting: Flame Tongue (safe; 3% risk of failure)
Confirm with . or Enter, or press ? or * to list all spells.
You don't have enough magic to cast that spell.
Unknown command.
You hit the orc priest but do no damage.
Your kick misses the orc priest.
The orc priest is almost dead.
The orc priest calls down the wrath of Beogh upon you.
Beogh smites you!
* * * LOW HITPOINT WARNING * * *
You feel better.
The orc priest invokes the aid of Beogh against you.
Beogh smites you!
You die...

#.# ####### #.###########
#......
###...........##########......
#.......#####..........'......
#.#####.### #.##########......
#.........# #.# #######
#####.#.#.# #.########
#.......#.###.##.....### ##
#............@.'.......## #.
#.......#.###o##.....#..# #.
#########.# #.##.....##.## #.
#.###.#########..# #.
#.#.....# ##.## #. #.......#
#.(# #. ###.....# ##.###.
#.....# #######((##. #.....#
#........##.


You could see an orc priest.

Vanquished Creatures
  Natasha (D:2)
  2 adders (D:2)
  2 worms (D:2)
  A dart slug (D:2)
  A leopard gecko (D:1)
  An orc (D:3)
  5 bats (D:1)
  3 goblins
  A hobgoblin (D:2)
  11 jackals
  11 kobolds
  A quokka (D:2)
  3 frilled lizards
  4 rats (D:1)
47 creatures vanquished.

Notes
Turn   | Place    | Note
-------+----------+-------------------------------------------
     0 | D:1      | mortelune the Demonspawn Fire Elementalist began the quest for the Orb.
     0 | D:1      | Reached XP level 1. HP: 13/13 MP: 3/3
   520 | D:1      | Gained mutation: You have large cloven feet. [demonic ancestry]
   520 | D:1      | Reached XP level 2. HP: 18/19 MP: 1/5
   566 | D:1      | Learned a level 2 spell: Throw Flame
  1531 | D:2      | Reached XP level 3. HP: 24/24 MP: 0/6
  1706 | D:2      | Noticed Natasha
  1714 | D:2      | Killed Natasha
  1786 | D:2      | Learned a level 3 spell: Conjure Flame
  2344 | D:2      | Found a faded altar of an unknown god.
  2431 | D:2      | Reached XP level 4. HP: 30/30 MP: 2/7
  3045 | D:2      | Learned a level 2 spell: Blink
  3051 | D:2      | Found a sparkling altar of Nemelex Xobeh.
  3698 | D:2      | Killed from afar by an orc priest

Vault maps used:
D:1:      matt_arrival_refuge, minivault_24
D:2:      lemuel_round_altar, chequers_ecumenical_altar_grove, uniq_natasha
D:3:      lemuel_upstairs_altar, old_standard_altar, first_ration,
          kennysheep_nub, goddamned_bats, uniq_robin

Skill      XL: |  1  2  3  4 |
---------------+-------------+-----
Conjurations   | 2 3 |  3.2
Fire Magic     | 3 |  3.3
Dodging        | |  1.7
Stealth        | |  1.7
Spellcasting   | |  2.7

Action                   |  1- 3 |  4- 6 || total
-------------------------+-------+-------++-------
Melee: Club              |     4 |       ||     4
       Unarmed           |     2 |       ||     2
       Short sword       |     3 |     6 ||     9
       Kick              |       |     3 ||     3
 Cast: Flame Tongue      |    43 |    38 ||    81
       Throw Flame       |    14 |     7 ||    21
  Use: Scroll            |       |    10 ||    10
       Potion            |       |     1 ||     1
  Eat: Chunk             |     5 |     5 ||    10
Armor: Robe              |    13 |     4 ||    17
Dodge: Dodged            |    33 |    22 ||    55

Table legend:
 A = Spawn XP
 B = Non-spawn XP
 C = Spawn XP percentage of total XP
 D = Spawn monster count
 E = Non-spawn monster count
 F = Spawn count percentage of total count
 G = Total turns spent on level
                    A         B        C        D         E        F      G
               +---------+---------+-------+---------+---------+-------+---------
         Total |       0 |     147 |   0.0 |       0 |      47 |   0.0 |  3698
               +---------+---------+-------+---------+---------+-------+---------
           D:1 |       0 |      27 |   0.0 |       0 |      16 |   0.0 |  1509
           D:2 |       0 |     104 |   0.0 |       0 |      23 |   0.0 |  2099
           D:3 |       0 |      16 |   0.0 |       0 |       8 |   0.0 |    90
               +---------+---------+-------+---------+---------+-------+---------
